PA
PROVO MANGO @ WALLA WALLA WALLEYE
08/29/2037
 
TOP OF THE 1ST
Provo Mango batting - Pitching for Walla Walla Walleye : RHP Cristián Álvarez
Pitching: RHP Cristián Álvarez
Batting: RHB Ding-bong Wang 0-0: Fly out, F7 (Flyball, 78S, EV 76.2 MPH)
Batting: RHB Kian Hook 0-0: Foul Ball, location: 2F
0-1: Ball
1-1: Ball
2-1: Ball
3-1: Ground out 6-3 (Groundball, 6, EV 111.9 MPH)
Batting: LHB Chan-ho Shinn 0-0: Ball
1-0: Swinging Strike
1-1: Foul Ball, location: 2F
1-2: Strikes out swinging
Top of the 1st over - 0 runs, 0 hits, 0 errors, 0 left on base; Provo 0 - Walla Walla 0
BOTTOM OF THE 1ST
Walla Walla Walleye batting - Pitching for Provo Mango : RHP Tao Seto
Pitching: RHP Tao Seto
Batting: RHB Brad Hargrove 0-0: Ball
1-0: Foul Ball, location: 2F
1-1: Swinging Strike
1-2: Foul Ball, location: 2F
1-2: Ball
2-2: SOLO HOME RUN (Flyball, 7D, EV 94.4 MPH), Distance : 397 ft
Batting: LHB Luis Arroyo 0-0: Ball
1-0: Fly out, F6 (Popup, 6M, EV 74.4 MPH)
Batting: SHB John Hawley 0-0: Called Strike
0-1: Swinging Strike
0-2: Ball
1-2: Ball
2-2: Strikes out swinging
Batting: LHB Cameron Woolever 0-0: Ball
1-0: Foul Ball, location: 2F
1-1: Foul Ball, location: 2F
1-2: Foul Ball, location: 2F
1-2: Ball
2-2: Strikes out swinging
Bottom of the 1st over - 1 run, 1 hit, 0 errors, 0 left on base; Provo 0 - Walla Walla 1
TOP OF THE 2ND
Provo Mango batting - Pitching for Walla Walla Walleye : RHP Cristián Álvarez
Batting: LHB Braxton Cottongame 0-0: Ball
1-0: Ball
2-0: Ball
3-0: Hit by Pitch
Batting: LHB Yin-fat Fou 0-0: Ball
1-0: Ball
2-0: Swinging Strike
2-1: Ball
3-1: Base on Balls
Braxton Cottongame to second
Batting: RHB Paul Prichard 0-0: Called Strike
0-1: Swinging Strike
0-2: Strikes out swinging
Batting: RHB Jesús Espinoza 0-0: Foul Ball, location: 2F
0-1: Ball
1-1: Foul Ball, location: 2F
1-2: Foul Ball, location: 2F
1-2: Strikes out swinging
Batting: SHB Will Hamilton 0-0: Called Strike
0-1: Ground out 4-3 (Groundball, 34, EV 91.9 MPH)
Top of the 2nd over - 0 runs, 0 hits, 0 errors, 2 left on base; Provo 0 - Walla Walla 1
BOTTOM OF THE 2ND
Walla Walla Walleye batting - Pitching for Provo Mango : RHP Tao Seto
Batting: RHB Anthon Oort 0-0: Foul Ball, location: 2F
0-1: Ball
1-1: Swinging Strike
1-2: Ball
2-2: Strikes out swinging
Batting: RHB Phil van Oosterom 0-0: Ball
1-0: Called Strike
1-1: Swinging Strike
1-2: DOUBLE (Line Drive, 9LD, EV 107.5 MPH)
Batting: RHB David Stone 0-0: Foul Ball, location: 2F
0-1: Ball
1-1: Ball
2-1: Foul Ball, location: 2F
2-2: Ball
3-2: Foul Ball, location: 2F
3-2: Ground out 4-3 (Groundball, 4, EV 81.9 MPH)
Phil van Oosterom to third
Batting: LHB Tom Holbert 0-0: Ball
1-0: Called Strike
1-1: Ground out 4-3 (Groundball, 4S, EV 70.6 MPH)
Bottom of the 2nd over - 0 runs, 1 hit, 0 errors, 1 left on base; Provo 0 - Walla Walla 1
TOP OF THE 3RD
Provo Mango batting - Pitching for Walla Walla Walleye : RHP Cristián Álvarez
Batting: RHB Charley Foijens 0-0: Called Strike
0-1: Ball
1-1: Ball
2-1: Ball
3-1: SINGLE (Groundball, 6MD, EV 107.5 MPH)
Batting: RHB Ding-bong Wang 0-0: Ball
1-0: Foul Ball, location: 2F
1-1: Swinging Strike
1-2: Ball
2-2: SINGLE (Line Drive, 3D, EV 103.1 MPH)
Charley Foijens to second
Batting: RHB Kian Hook 0-0: Ball
1-0: Ball
2-0: Ground out 5-3 (Groundball, 56S, EV 63.8 MPH)
Charley Foijens to third
Ding-bong Wang to second
Batting: LHB Chan-ho Shinn 0-0: DOUBLE (Line Drive, 89XD, EV 106.2 MPH)
Charley Foijens scores
Ding-bong Wang scores
Batting: LHB Braxton Cottongame 0-0: Called Strike
0-1: Foul Ball, location: 2F
0-2: Hit by Pitch
Batting: LHB Yin-fat Fou 0-0: Called Strike
0-1: Swinging Strike
0-2: Ball
1-2: Ball
2-2: Ball
3-2: Fielders Choice at 2nd, 4-6 (Groundball, 4, EV 92.5 MPH)
Chan-ho Shinn to third
Batting: RHB Paul Prichard 0-0: Fly out, F7 (Flyball, 7S, EV 78.8 MPH)
Top of the 3rd over - 2 runs, 3 hits, 0 errors, 2 left on base; Provo 2 - Walla Walla 1
BOTTOM OF THE 3RD
Walla Walla Walleye batting - Pitching for Provo Mango : RHP Tao Seto
Batting: RHB Sehinsah Al-Fanari 0-0: Called Strike
0-1: Ball
1-1: Ground out 5-3 (Groundball, 56, EV 83.1 MPH)
Batting: RHB Brad Hargrove 0-0: Ball
1-0: DOUBLE (Flyball, 8LXD, EV 90.6 MPH)
Batting: LHB Luis Arroyo 0-0: Ball
1-0: Foul Ball, location: 2F
1-1: Fly out, F8 (Flyball, 78M, EV 85.0 MPH)
Batting: SHB John Hawley 0-0: Called Strike
0-1: Ground out 4-3 (Groundball, 34D, EV 99.4 MPH)
Bottom of the 3rd over - 0 runs, 1 hit, 0 errors, 1 left on base; Provo 2 - Walla Walla 1
TOP OF THE 4TH
Provo Mango batting - Pitching for Walla Walla Walleye : RHP Cristián Álvarez
Batting: RHB Jesús Espinoza 0-0: Fly out, F8 (Flyball, 8RS, EV 75.0 MPH)
Batting: SHB Will Hamilton 0-0: Called Strike
0-1: Foul Ball, location: 2F
0-2: Ground out 6-3 (Groundball, 6, EV 83.8 MPH)
Batting: RHB Charley Foijens 0-0: SINGLE (Flyball, 7LM, EV 93.8 MPH)
Batting: RHB Ding-bong Wang 0-0: Called Strike
Pickoff Throw by Catcher to First - Error! E2
Charley Foijens to second
0-1: Ball
1-1: Swinging Strike
1-2: Ball
2-2: Ball
3-2: Foul Ball, location: 2F
3-2: Base on Balls
Batting: RHB Kian Hook 0-0: Fly out, F8 (Flyball, 89M, EV 77.5 MPH)
Top of the 4th over - 0 runs, 1 hit, 1 error, 2 left on base; Provo 2 - Walla Walla 1
BOTTOM OF THE 4TH
Walla Walla Walleye batting - Pitching for Provo Mango : RHP Tao Seto
Batting: LHB Cameron Woolever 0-0: Ball
1-0: Ball
2-0: Called Strike
2-1: Called Strike
2-2: Strikes out swinging
Batting: RHB Anthon Oort 0-0: Foul Ball, location: 2F
0-1: Ball
1-1: SINGLE (Groundball, 34D, EV 95.0 MPH)
Batting: RHB Phil van Oosterom 0-0: Called Strike
0-1: Swinging Strike
0-2: Ball
1-2: Ball
2-2: Foul Ball, location: 2F
2-2: Ball
3-2: DOUBLE (Flyball, 7LD, EV 98.1 MPH)
Anthon Oort to third
Runner from 3rd tries for Home, SAFE, throw by LF to home
Batting: RHB David Stone 0-0: Ball
1-0: Called Strike
1-1: Ball
2-1: Foul Ball, location: 2F
2-2: Ball
3-2: SINGLE (Groundball, 4MD, EV 101.2 MPH)
Phil van Oosterom to third
Runner from 3rd tries for Home, SAFE, throw by CF to home
Batting: LHB Tom Holbert 0-0: Ball
1-0: Ball
2-0: Fielders Choice at 2nd, 1-6 (Groundball, 23, EV 90.6 MPH)
Now at SS: Daniel Woods
Batting: RHB Sehinsah Al-Fanari 0-0: Called Strike
0-1: Ball
1-1: Ball
2-1: Ball
3-1: Base on Balls
Tom Holbert to second
Batting: RHB Brad Hargrove 0-0: Called Strike
0-1: Fly out, F8 (Flyball, 78D, EV 109.4 MPH)
Bottom of the 4th over - 2 runs, 3 hits, 0 errors, 2 left on base; Provo 2 - Walla Walla 3
TOP OF THE 5TH
Provo Mango batting - Pitching for Walla Walla Walleye : RHP Cristián Álvarez
Batting: RHB Daniel Woods 0-0: Ball
1-0: Called Strike
1-1: TRIPLE (Flyball, 89XD, EV 101.2 MPH)
Batting: LHB Braxton Cottongame 0-0: Swinging Strike
0-1: Ground out 4-3 (Groundball, 34D, EV 80.0 MPH)
Daniel Woods scores
Batting: LHB Yin-fat Fou 0-0: Ball
1-0: Ball
2-0: Foul Ball, location: 2F
2-1: Foul Ball, location: 2F
2-2: Ball
3-2: Strikes out swinging
Batting: RHB Paul Prichard 0-0: Ball
1-0: Ball
2-0: Ball
3-0: Base on Balls
Batting: RHB Jesús Espinoza 0-0: Called Strike
0-1: Ball
1-1: Ball
2-1: Foul Ball, location: 2F
2-2: Strikes out swinging
Top of the 5th over - 1 run, 1 hit, 0 errors, 1 left on base; Provo 3 - Walla Walla 3
BOTTOM OF THE 5TH
Walla Walla Walleye batting - Pitching for Provo Mango : RHP Tao Seto
Batting: LHB Luis Arroyo 0-0: Ball
1-0: Ball
2-0: Ball
3-0: Called Strike
3-1: Called Strike
3-2: Foul Ball, location: 2F
3-2: Fly out, F7 (Flyball, 78S, EV 88.1 MPH)
Batting: SHB John Hawley 0-0: Ball
1-0: Ground out 4-3 (Groundball, 4, EV 83.1 MPH)
Batting: LHB Cameron Woolever 0-0: SINGLE (Line Drive, 8RS, EV 106.2 MPH)
Batting: RHB Anthon Oort 0-0: Ball
1-0: Ball
Cameron Woolever is caught stealing 2nd base 2-4
Bottom of the 5th over - 0 runs, 1 hit, 0 errors, 0 left on base; Provo 3 - Walla Walla 3
TOP OF THE 6TH
Provo Mango batting - Pitching for Walla Walla Walleye : RHP Cristián Álvarez
Batting: SHB Will Hamilton 0-0: Foul Ball, location: 2F
0-1: Swinging Strike
0-2: Ground out U3 (Groundball, 3, EV 90.6 MPH)
Batting: RHB Charley Foijens 0-0: Ground out U3 (Groundball, 34S, EV 94.4 MPH)
Batting: RHB Ding-bong Wang 0-0: Fly out, F9 (Flyball, 9, EV 79.4 MPH)
Top of the 6th over - 0 runs, 0 hits, 0 errors, 0 left on base; Provo 3 - Walla Walla 3
BOTTOM OF THE 6TH
Walla Walla Walleye batting - Pitching for Provo Mango : RHP Tao Seto
Batting: RHB Anthon Oort 0-0: Ball
1-0: Swinging Strike
1-1: Ball
2-1: DOUBLE (Line Drive, 9LS, EV 97.5 MPH)
Batting: RHB Phil van Oosterom 0-0: Foul Ball, location: 2F
0-1: Ground out 6-3 (Groundball, 6, EV 82.5 MPH)
Batting: RHB David Stone 0-0: Called Strike
0-1: DOUBLE (Line Drive, 7LS, EV 115.6 MPH)
Anthon Oort scores
Batting: LHB Tom Holbert 0-0: Ball
1-0: Called Strike
1-1: Ball
2-1: Called Strike
2-2: Strikes out looking
Pitching: RHP Vítor Paiva
Batting: RHB Sehinsah Al-Fanari 0-0: Ball
1-0: Ball
2-0: Called Strike
2-1: SINGLE (Groundball, 6MD, EV 105.0 MPH)
David Stone to third
Batting: RHB Brad Hargrove 0-0: Ball
1-0: Called Strike
1-1: Swinging Strike
1-2: Ball
2-2: Foul Ball, location: 2F
2-2: Fielders Choice at 2nd, 5-4 (Groundball, 5, EV 102.5 MPH)
Bottom of the 6th over - 1 run, 3 hits, 0 errors, 2 left on base; Provo 3 - Walla Walla 4
TOP OF THE 7TH
Provo Mango batting - Pitching for Walla Walla Walleye : RHP Cristián Álvarez
Batting: RHB Kian Hook 0-0: Ball
1-0: Ground out 6-3 (Groundball, 6, EV 101.9 MPH)
Batting: RHB Daniel Woods 0-0: Ball
1-0: Ball
2-0: Foul Ball, location: 2F
2-1: Foul Ball, location: 2F
2-2: DOUBLE (Flyball, 7LD, EV 91.2 MPH)
Pitching: LHP Pao-tzu Shi
Pinch Hitting: RHB Quinn Lynch 0-0: Swinging Strike
0-1: Foul Ball, location: 2F
0-2: Strikes out looking
Batting: LHB Yin-fat Fou 0-0: Ball
1-0: Fly out, F8 (Line Drive, 8RD, EV 93.8 MPH)
Top of the 7th over - 0 runs, 1 hit, 0 errors, 1 left on base; Provo 3 - Walla Walla 4
BOTTOM OF THE 7TH
Walla Walla Walleye batting - Pitching for Provo Mango : RHP Vítor Paiva
Now at 1B: Quinn Lynch
Batting: LHB Luis Arroyo 0-0: Called Strike
0-1: Foul Ball, location: 2F
0-2: Ground out 4-3 (Groundball, 34D, EV 90.6 MPH)
Batting: SHB John Hawley 0-0: Called Strike
0-1: Foul Ball, location: 2F
0-2: Ball
1-2: Strikes out swinging
Batting: LHB Cameron Woolever 0-0: Ball
1-0: Ball
2-0: Ball
3-0: Base on Balls
Batting: RHB Anthon Oort 0-0: Ball
Cameron Woolever steals 2nd, throwing error, E2
Cameron Woolever to third
1-0: Fly out, F8 (Flyball, 8LS, EV 85.6 MPH)
Bottom of the 7th over - 0 runs, 0 hits, 1 error, 1 left on base; Provo 3 - Walla Walla 4
TOP OF THE 8TH
Provo Mango batting - Pitching for Walla Walla Walleye : LHP Pao-tzu Shi
Batting: RHB Paul Prichard 0-0: Foul Ball, location: 2F
0-1: Swinging Strike
0-2: Ball
1-2: Strikes out swinging
Batting: RHB Jesús Espinoza 0-0: Ground out 6-3 (Groundball, 56D, EV 106.9 MPH)
Batting: SHB Will Hamilton 0-0: Foul Ball, location: 2F
0-1: Swinging Strike
0-2: Ball
1-2: Foul Ball, location: 2F
1-2: Foul Ball, location: 2F
1-2: Ball
2-2: Fly out, F3 (Popup, 3, EV 79.4 MPH)
Top of the 8th over - 0 runs, 0 hits, 0 errors, 0 left on base; Provo 3 - Walla Walla 4
BOTTOM OF THE 8TH
Walla Walla Walleye batting - Pitching for Provo Mango : RHP Vítor Paiva
Batting: RHB Phil van Oosterom 0-0: Ball
1-0: Swinging Strike
1-1: SINGLE (Line Drive, 5D, EV 105.0 MPH)
Batting: RHB David Stone 0-0: Foul Ball, location: 2F
0-1: Called Strike
0-2: Ball
1-2: Ball
2-2: Foul Ball, location: 2F
2-2: Fielders Choice at 2nd, 1-6 (Groundball, 34S, EV 92.5 MPH)
Batting: LHB Tom Holbert 0-0: Called Strike
0-1: Called Strike
0-2: Ball
1-2: Ball
2-2: Foul Ball, location: 2F
2-2: Strikes out swinging
Batting: RHB Sehinsah Al-Fanari 0-0: Ball
1-0: Ball
2-0: Called Strike
2-1: Foul Ball, location: 2F
2-2: Ball
3-2: Base on Balls
David Stone to second
Batting: RHB Brad Hargrove 0-0: Ball
1-0: DOUBLE (Line Drive, 5D, EV 102.5 MPH)
David Stone scores
Sehinsah Al-Fanari to third
Batting: LHB Luis Arroyo 0-0: SINGLE (Line Drive, 78S, EV 97.5 MPH)
Sehinsah Al-Fanari scores
Brad Hargrove to third
Batting: SHB John Hawley 0-0: Ground out 3-1 (Groundball, 3S, EV 70.0 MPH)
Bottom of the 8th over - 2 runs, 3 hits, 0 errors, 2 left on base; Provo 3 - Walla Walla 6
TOP OF THE 9TH
Provo Mango batting - Pitching for Walla Walla Walleye : LHP Pao-tzu Shi
Batting: RHB Charley Foijens 0-0: Ball
1-0: Ball
2-0: Ball
3-0: Called Strike
3-1: Foul Ball, location: 2F
3-2: Strikes out swinging
Batting: RHB Ding-bong Wang 0-0: Ball
1-0: Ball
2-0: Foul Ball, location: 2F
2-1: Foul Ball, location: 2F
2-2: Ball
3-2: Foul Ball, location: 2F
3-2: Foul Ball, location: 2F
3-2: Ground out 4-3 (Groundball, 4S, EV 85.0 MPH)
Batting: RHB Kian Hook 0-0: Swinging Strike
0-1: Swinging Strike
0-2: Ball
1-2: Strikes out swinging
Top of the 9th over - 0 runs, 0 hits, 0 errors, 0 left on base; Provo 3 - Walla Walla 6
Thursday, January 23rd, 2020 - OOTP Baseball 20.8 Build 74